 Dungeon Crawl Stone Soup version 0.19-a0-1596-g2f379c2 (webtiles) character file.

4 MackTheKnife the Magician (level 1, 0/16 HPs)
             Began as a Hill Orc Wanderer on Sept 17, 2016.
             Slain by a bat (1 damage)
             ... on level 1 of the Dungeon.
             The game lasted 00:01:05 (258 turns).

MackTheKnife the Magician (Hill Orc Wanderer)        Turns: 258, Time: 00:01:06

Health: 0/16       AC:  2    Str: 13    XL:     1   Next: 70%
Magic:  3/4        EV: 11    Int: 14    God:
Gold:   0          SH:  0    Dex:  9    Spells: 1 memorised, 5 levels left

rFire  . . .     SeeInvis .     e - +0 club
rCold  . . .     Gourm    .     d - +0 robe
rNeg   . . .     Faith    .     (no shield)
rPois  .         Spirit   .     (no helmet)
rElec  .         Dismiss  .     (no cloak)
rCorr  .         Reflect  .     (no gloves)
MR     .....     Harm     .     (no boots)
Stlth  +.........               (no amulet)
                                (no ring)
                                (no ring)

@: very slightly contaminated
A: no striking features
a: no special abilities


You were on level 1 of the Dungeon.
You were not hungry.

You visited 1 branch of the dungeon, and saw 1 of its levels.

Inventory:

Hand Weapons
 e - a +0 club (weapon)
Armour
 d - a +0 robe (worn)
Potions
 c - a potion of curing
Books
 a - a book of Minor Magic
 b - the Incunabulum of the Escort

   Spells                             Type                      Level
   a - Summon Small Mammal            Summoning                    1
   b - Recall                         Summoning/Translocation      3
Comestibles
 f - a bread ration {@e1}


   Skills:
 + Level 1.4 Fighting
   Level 1.1 Shields
 - Level 3.2 Spellcasting
   Level 1.0 Transmutations
   Level 2.1 Fire Magic
   Level 1.0 Ice Magic
   Level 1.0 Evocations


You had 5 spell levels left.
You knew the following spells:

 Your Spells              Type           Power        Failure   Level  Hunger
a - Magic Dart            Conj           #...         24%         1    #......


Dungeon Overview and Level Annotations

Branches:
Dungeon (1/15)

Altars:


Message History

Aim: a frilled lizard (heavily wounded)
The magic dart hits the frilled lizard.
You kill the frilled lizard!
The kobold shouts!
You now have 2/4 mp.
Aim: a hobgoblin, wielding a club The magic dart hits the hobgoblin.
The hobgoblin hits you but does no damage.
You now have 1/4 mp.
You hit the hobgoblin but do no damage. The hobgoblin closely misses you.
You hit the hobgoblin but do no damage.
The hobgoblin hits you but does no damage.
You barely miss the hobgoblin. The hobgoblin closely misses you.
You hit the hobgoblin.
The hobgoblin hits you but does no damage.
You closely miss the hobgoblin. The hobgoblin hits you with a club.
You take 1 damage, and have 13/14 hp.
You barely miss the hobgoblin. The hobgoblin hits you with a club.
The hobgoblin barely misses you.
You take 4 damage, and have 9/14 hp.
MASSIVE DAMAGE!!
Aim: a hobgoblin, wielding a club (almost dead)
The magic dart hits the hobgoblin.
The hobgoblin hits you but does no damage.
You hit the hobgoblin.
You kill the hobgoblin!
You completely miss the kobold. The kobold barely misses you.
The kobold hits you.
You take 2 damage, and have 8/15 hp.
You hit the kobold. The kobold hits you.
You take 3 damage, and have 5/15 hp.
You closely miss the kobold. The kobold barely misses you.
You barely miss the kobold. The kobold barely misses you.
The kobold closely misses you.
You hit the kobold.
You kill the kobold!
Your Fighting skill increases to level 1!
Things that are here:
a club; a kobold corpse; a frilled lizard corpse You can't see any susceptible monsters within range! (Use Z to cast anyway.) Unknown command.
You start resting.
A bat comes into view.
You regained 3 hp, and now have 9/16 hp.
MP restored: 4
There is an open door, spattered with blood here.
You close the door.
You start resting.
Health restored: 16 Unknown command.
You open the door.
There is an open door, spattered with blood here.
A goblin comes into view.
Things that are here:
a club; a kobold corpse; a frilled lizard skeleton
g - a club The goblin throws a tomahawk.
The tomahawk hits you.
You take 3 damage, and have 13/16 hp.
Drop what? 7/52 slots (_ for help) (? for menu, Esc to quit)
You drop a club.
The goblin throws a tomahawk.
The tomahawk closely misses you.
Okay, then.
A hobgoblin comes into view.
The hobgoblin shouts!
The goblin throws a tomahawk.
The tomahawk barely misses you.
Unknown command.
Okay, then.
Okay, then.
Unknown command.
Unknown command.
The goblin hits you.
You take 1 damage, and have 12/16 hp.
You hit the goblin.
You kill the goblin!
The bat barely misses you.
You barely miss the bat. The bat hits you. The hobgoblin hits you.
You take 5 damage, and have 7/16 hp.
MASSIVE DAMAGE!!
You barely miss the hobgoblin. The hobgoblin hits you.
You take 2 damage, and have 5/16 hp.
You barely miss the hobgoblin. The bat hits you.
* * * LOW HITPOINT WARNING * * *
The bat hits you but does no damage. The hobgoblin barely misses you.
The hobgoblin hits you.
* * * LOW HITPOINT WARNING * * *
A hobgoblin comes into view. It is wielding a club.
You take 3 damage, and have 2/16 hp.
Aim: a hobgoblin You miscast Magic Dart.
You are very lightly contaminated with residual magic.
Sparks fly from your hands!
The hobgoblin shouts!
The bat hits you.
* * * LOW HITPOINT WARNING * * *
The hobgoblin closely misses you.
You take 1 damage, and have 1/16 hp.
You now have 3/4 mp.
Okay, then.
Unknown command.
The bat hits you but does no damage. x2
The bat hits you.
You die...

### #^# . #####
... #...####
###....
#.>(')@##....g..
#...##.b.(....#
###.#####g.....#
#Z#.#^#
##.####..
###.##### .#
#Z#...#M# .#
#####.### .#
#Z#.#^# .#
###.### ..


You could see a hobgoblin and a bat.

Vanquished Creatures
  A goblin (D:1)
  A hobgoblin (D:1)
  A kobold (D:1)
  A frilled lizard (D:1)
4 creatures vanquished.

Notes
Turn   | Place    | Note
-------+----------+-------------------------------------------
     0 | D:1      | MackTheKnife the Hill Orc Wanderer began the quest for the Orb.
     0 | D:1      | MackTheKnife set off with: a book of Minor Magic, the Incunabulum of the Escort, a potion of curing, a +0 robe, a +0 club, a bread ration {@e1}
     0 | D:1      | Reached XP level 1. HP: 14/14 MP: 4/4
     0 | D:1      | Identified the Incunabulum of the Escort
     2 | D:1      | Learned a level 1 spell: Magic Dart
    12 | D:1      | Noticed a minotaur skeleton
    43 | D:1      | Reached skill level 1 in Fighting
   255 | D:1      | HP: 4/16 [bat (1)]
   256 | D:1      | HP: 1/16 [bat (1)]
   258 | D:1      | Slain by a bat

Vault maps used:
D:1:      shiori_arrival_whats_in_store_for_you

Skill      XL: |  1 |
---------------+----+-----
Fighting       | 1 |  1.4
Shields        | |  1.1
Spellcasting   | |  3.2
Transmutations | |  1.0
Fire Magic     | |  2.1
Ice Magic      | |  1.0
Evocations     | |  1.0

Action                   || total
-------------------------++-------
Melee: Club              ||    16
 Cast: Magic Dart        ||     4
Armor: Robe              ||     5
Dodge: Dodged            ||    14

Vault maps used:
D:1:      shiori_arrival_whats_in_store_for_you

Table legend:
 A = Turns spent in this place as a percentage of turns spent in the entire game.
 B = Non-inter-level travel turns spent in this place as a percentage of non-inter-level travel turns spent in the entire game.
 C = Inter-level travel turns spent in this place as a percentage of turns spent in this place.
 D = Turns resting spent in this place as a percentage of non-inter-level travel turns spent in this place.
 E = Turns spent auto-exploring this place as a percentage of non-inter-level travel turns spent in this place.
 F = Non-inter-level travel turns spent in this place divided by the number of levels of this place that you've seen.
                   A       B       C       D       E      F
               +-------+-------+-------+-------+-------+----------------------
         Total | 100.0 | 100.0 |   0.0 |   4.9 |   1.2 |  81.0
       Dungeon | 100.0 | 100.0 |   0.0 |   4.9 |   1.2 |  81.0
               +-------+-------+-------+-------+-------+----------------------

Table legend:
 A = Kills in this place as a percentage of kills in entire the game.
 B = Kills by you in this place as a percentage of kills by you in the entire game.
 C = Kills by friends in this place as a percentage of kills by friends in the entire game.
 D = Other kills in this place as a percentage of other kills in the entire game.
 E = Experience gained in this place as a percentage of experience gained in the entire game.
 F = Experience gained in this place divided by the number of levels of this place that you have seen.
                   A       B       C       D       E      F
               +-------+-------+-------+-------+-------+----------------------
         Total | 100.0 | 100.0 |  -nan |  -nan | 100.0 |   7.0
       Dungeon | 100.0 | 100.0 |  -nan |  -nan | 100.0 |   7.0
               +-------+-------+-------+-------+-------+----------------------
